 Dungeon Crawl Stone Soup version 0.29-a0-559-g359e09b9d1 (webtiles) character file.

Game seed: 10559524159491708406

41 xian the Slasher (level 3, -1/28 HPs)
             Began as a Demonspawn Gladiator on June 10, 2022.
             Slain by a gnoll
             ... wielding a +0 club
              (6 damage)
             ... on level 2 of the Dungeon.
             The game lasted 00:02:33 (1127 turns).

xian the Slasher (Demonspawn Gladiator)             Turns: 1127, Time: 00:02:34

Health: -1/28      AC:  5    Str: 16    XL:     3   Next: 32%
Magic:  3/3        EV: 12    Int: 13    God:
Gold:   10         SH:  0    Dex: 14    Spells: 2/2 levels left

rFire   . . .      SeeInvis .   a - +0 long sword
rCold   . . .      Faith    .   (no shield)
rNeg    . . .      Spirit   .   b - +0 leather armour
rPois   .          Reflect  .   c - +0 helmet
rElec   .          Harm     .   (no cloak)
rCorr   .          Rampage  .   (no gloves)
Will    .....                   i - +0 pair of boots
Stlth   +.........              (no amulet)
HPRegen 0.09/turn               (no ring)
MPRegen 0.08/turn               (no ring)

@: no status effects
A: big brain 2
a: no special abilities


You were on level 2 of the Dungeon.
You visited 1 branch of the dungeon, and saw 2 of its levels.

You collected 10 gold pieces.

Inventory:

Hand Weapons
 a - a +0 long sword (weapon)
Missiles
 d - 3 throwing nets (quivered)
 e - a javelin
Armour
 b - a +0 leather armour (worn)
 c - a +0 helmet (worn)
 i - a +0 pair of boots (worn)
Scrolls
 h - a scroll of fear {unknown}
Potions
 f - a potion of flight
 g - a potion of curing
 j - a potion of mutation


   Skills:
 + Level 2.6 Fighting
 + Level 3.4 Long Blades
 + Level 1.8 Throwing
 + Level 0.2 Armour
 + Level 2.9 Dodging


You had 2 spell levels left.
You didn't know any spells.
Your spell library contained the following spells:

 Spells                   Type           Power      Damage    Failure   Level
 Foxfire                  Conj/Fire      0%         2x1d4     36%         1
 Conjure Flame            Conj/Fire      0%         6-21      75%         3
 Inner Flame              Hex/Fire       0%         N/A       75%         3
 Flame Wave               Conj/Fire      0%         2d4       98%         4


Dungeon Overview and Level Annotations

Branches:
Dungeon (2/15)

Altars:


Innate Abilities, Weirdness & Mutations

You have an extremely huge brain. (Int +4)


Message History

The gnoll hits you with a +0 spear.
You slash the gnoll!
The gnoll is severely wounded.
A gnoll comes into view. It is wielding a +0 club.
The gnoll hits you with a +0 spear.
You slash the gnoll!
You kill the gnoll!
You have reached level 3!
Your experience leads to an increase in your attributes!
Increase (S)trength, (I)ntelligence, or (D)exterity?
You feel stronger. x2; Your demonic ancestry asserts itself...
Your brain expands.
Things that are here:
a +0 spear; a gnoll corpse The gnoll barely misses you.
You hit the gnoll.
The gnoll is lightly wounded.
The gnoll closely misses you. The gnoll hits you but does no damage.
The gnoll hits you with a +0 club.
Unknown command.
You slash the gnoll!
The gnoll is almost dead.
The gnoll closely misses you. The gnoll barely misses you.
You hit the gnoll.
You kill the gnoll!
The gnoll hits you with a +0 club. The gnoll barely misses you.
Things that are here:
a +0 spear; a gnoll corpse You hit the gnoll.
The gnoll is heavily wounded.
The gnoll hits you with a +0 club.
* * * LOW HITPOINT WARNING * * *
You barely miss the gnoll.
The gnoll is heavily wounded.
The gnoll misses you.
You barely miss the gnoll.
The gnoll is heavily wounded.
The gnoll closely misses you. The gnoll hits you with a +0 club.
You die...

... .... .....
.....
#######.....
#...........
#........###
#...@g......
######.....######
.........)..#
.......>....#
.......:....#
######$.....#
#......#
#####..... #.....


You could see a gnoll.

Vanquished Creatures
  2 gnolls (D:2)
  A dart slug (D:1)
  3 giant cockroaches (D:1)
  2 goblins (D:1)
  2 hobgoblins (D:1)
  4 kobolds (D:1)
  A quokka (D:1)
  2 ball pythons (D:1)
  A bat (D:1)
  A frilled lizard (D:1)
19 creatures vanquished.

Notes
Turn   | Place    | Note
-------+----------+-------------------------------------------
     0 | D:1      | xian the Demonspawn Gladiator began the quest for the Orb.
     0 | D:1      | Reached XP level 1. HP: 16/16 MP: 1/1
   470 | D:1      | Gained mutation: You have an unusually large brain. (Int
                  | +2) [demonic ancestry]
   470 | D:1      | Reached XP level 2. HP: 22/22 MP: 2/2
   482 | D:1      | Reached skill level 3 in Long Blades
   736 | D:1      | Found a faded altar of an unknown god.
  1119 | D:2      | Gained mutation: You have an extremely huge brain. (Int +4)
                  | [demonic ancestry]
  1119 | D:2      | Reached XP level 3. HP: 19/27 MP: 3/3
  1127 | D:2      | Slain by a gnoll

Illustrated notes

Levels and vault maps discovered:
D:1:      evilmike_arrival_fibonacci_small, layout_loops_ring,
          ebering_ecumenical_altar_ruins
D:2:      layout_rooms, serial_co_window_serial, co_window_corner_a,
          co_window_corner_a, co_window_paths_a, co_window_paths_a,
          co_window_paths_b, co_window_corner_a, co_window_paths_a,
          co_window_broadway_a, co_window_broadway_a, co_window_broadway_b,
          co_window_corner_cb, co_window_broadway_a, glass_columns_a,
          glass_columns_a, glass_columns_a, glass_columns_c, glass_columns_a

Skill      XL: |  1  2 |
---------------+-------+-----
Long Blades    | 3 |  3.4
Fighting       | |  2.6
Throwing       | |  1.8
Armour         | |  0.2
Dodging        | |  2.9

Action                   || total
-------------------------++-------
Melee: Long sword        ||    85
  Use: Scroll            ||     4
Armor: Leather armour    ||    26
Dodge: Dodged            ||    73

Table legend: (Time is in decaauts)
 A = Elapsed time spent in this place.
 B = Non-inter-level travel time spent in this place.
 C = Inter-level travel time spent in this place.
 D = Time resting spent in this place.
 E = Time spent auto-exploring this place.
 F = Levels seen in this place.
 G = Mean time per level.
                   A        B        C        D        E       F      G
               +--------+--------+--------+--------+--------+-----+--------+
         Total |   1149 |   1093 |     56 |    257 |    529 |   2 |  574.5 |
       Dungeon |   1149 |   1093 |     56 |    257 |    529 |   2 |  574.5 |
               +--------+--------+--------+--------+--------+-----+--------+

Top non-repeatable levels by time:
     D:1: 1123 daAuts
     D:2: 25 daAuts
